 Dungeon Crawl Stone Soup version 0.30.0-29-ga12c61a403 (webtiles) character file.

Game seed: 7319386863516950595

198 monsoonserge the Ducker (level 6, -17/52 HPs)
             Began as a Meteoran Monk on June 7, 2023.
             Demolished by a two-headed ogre
             ... wielding a +0 giant spiked club
              (20 damage)
             ... on level 5 of the Dungeon.
             The game lasted 00:12:41 (2025 turns).

monsoonserge the Ducker (Meteoran Monk)             Turns: 2025, Time: 00:12:42

Health: -17/52     AC: 10    Str: 13    XL:     6   Next: 27%
Magic:  0/7        EV:  8    Int: 13    God:
Gold:   40         SH:  0    Dex: 17    Spells: 5/5 levels left

rFire   . . .        l - +2 dagger (venom)
rCold   . . .        d - orb {light}
rNeg    . . .        g - +0 chain mail
rPois   +            (no helmet)
rElec   .            z - +0 cloak
rCorr   .            (no gloves)
SInv    .            (no boots)
Will    .....        q - amulet of guardian spirit Stlth
                     p - ring of poison resistance
HPRegen 0.28/turn    (no ring)
MPRegen 0.10/turn

%: guardian spirit
@: mighty, glowing
A: sense surroundings 1, otherworldly, glowing, explore regen
a: no special abilities


You were on level 5 of the Dungeon.
You visited 1 branch of the dungeon, and saw 5 of its levels.

You collected 172 gold pieces.
You spent 132 gold pieces at shops.

Inventory:

Hand Weapons
 a - a +0 falchion
 l - a +2 dagger of venom (weapon)
 B - a +2 dagger of freezing
Missiles
 y - 3 javelins (quivered)
Armour
 b - a +0 robe
 d - an orb of light (worn)
 f - a +0 leather armour
 g - a +0 chain mail (worn)
 h - a +0 scale mail
 v - a +0 ring mail
 z - a +0 cloak (worn)
Magical Staves
 j - a staff of death
 o - a staff of earth
Jewellery
 p - a ring of poison resistance (left hand)
 q - an amulet of guardian spirit (around neck)
 s - an amulet of faith
Wands
 E - a wand of polymorph (5)
Scrolls
 k - 2 scrolls of teleportation {unknown}
 n - 4 scrolls of identify {unknown}
 t - a scroll of blinking {unknown}
 u - 3 scrolls of enchant armour {unknown}
 A - a scroll of enchant weapon {unknown}
 F - a scroll of amnesia {unknown}
Potions
 c - 3 potions of ambrosia
 e - a potion of lignification {unknown}
 i - 2 potions of magic {unknown}
 m - 2 potions of mutation {unknown}
 r - 4 potions of curing
 w - a potion of might
 x - a potion of heal wounds
 C - a potion of haste {unknown}
 D - a potion of flight {unknown}


   Skills:
 + Level 4.3 Fighting
 - Level 4.2 Long Blades
 * Level 4.3 Armour
 + Level 4.5 Dodging


You had 5 spell levels left.
You didn't know any spells.
Your spell library contained the following spells:

 Spells                   Type           Power      Damage    Failure   Level
 Beastly Appendage        Tmut           0%         N/A       99%         1
 Freeze                   Ice            0%         1d3       99%         1
 Frozen Ramparts          Ice            0%         1d1       100%        3
 Hailstorm                Conj/Ice       0%         3d3       100%        3
 Petrify                  Tmut/Erth      0%         N/A       100%        4
 Statue Form              Tmut/Erth      0%         N/A       100%        6


Dungeon Overview and Level Annotations

Branches:
Dungeon (5/15) Zot: 985
 Temple: D:4-7

Altars:
Ashenzari
Cheibriados
Hepliaklqana
Nemelex Xobeh
Ru
Uskayaw
The Shining One

Shops:
D:3 !


Innate Abilities, Weirdness & Mutations

You passively map a small area around you.
You are easily found by Zot.
You glow in the dark.
You regain HP and MP as you explore.


Message History

There is a stone staircase leading up here.
You climb upwards.
There is a stone staircase leading down here.
There is a stone staircase leading down here.
You climb downwards.
Found 2 stones.
Found a stone staircase leading up.
There is a stone staircase leading up here.
You open the door.
Found a hide-covered altar of Uskayaw.
There is an open door here.
Found five items.
You now have 31 gold pieces (gained 14).
E - a wand of polymorph (5)
You now have 40 gold pieces (gained 9).
r - 4 potions of curing (gained 1)
Found a scroll labelled OKHEAPRO GOAS.
Found a stone staircase leading down.
x - 2 potions of heal wounds (gained 1)
F - a scroll labelled OKHEAPRO GOAS The two-headed ogre shouts in stereo!
An iguana comes into view.
The iguana hisses angrily.
The two-headed ogre hits you with a +0 giant spiked club!!
The two-headed ogre hits you with a +0 giant club!
You hit the two-headed ogre but do no damage.
The two-headed ogre is poisoned.
The two-headed ogre barely misses you.
The two-headed ogre hits you with a +0 giant club!!
* * * LOW HITPOINT WARNING * * *
Unknown command.
Okay, then.
Okay, then.
You feel much better.
You feel very mighty all of a sudden. The two-headed ogre closely misses you.
The two-headed ogre hits you but does no damage.
You hit the two-headed ogre.
The two-headed ogre is lightly wounded.
The two-headed ogre hits you with a +0 giant spiked club!
* * * LOW HITPOINT WARNING * * *
The two-headed ogre hits you with a +0 giant club!!
You die...

#####..#########...
....'..........#.####.#.
,
#####..##...............
#......##>...#.#.####...
* #
.......##..#.#.#........
#.
.......###.#.#.#........
#. .......#
#...#.##......., .
.......# #......O.......
,
.......###......@l......
...#.###................
,
...#(###................
,*
..................#..###
.###.###..........#..# ,
* .# .# #.............#
* .# .# ###.......#...#
##* .# #.......##..# * ,
, * #.......# ..# , ,


You could see a two-headed ogre (very poisoned) and an iguana.

Vanquished Creatures
  A sleepcap (D:4)
  An iguana (D:4)
  2 orc wizards (D:4)
  2 adders
  A worm (D:2)
  2 dart slugs
  8 orcs
  4 bats
  9 endoplasms
  3 giant cockroaches
  A hobgoblin (D:1)
  4 jackals (D:4)
  5 kobolds
  2 quokkas (D:4)
  5 ball pythons
  4 frilled lizards
  3 goblins
  2 rats (D:3)
59 creatures vanquished.

Notes
Turn   | Place    | Note
-------+----------+-------------------------------------------
     0 | D:1      | monsoonserge the Meteoran Monk began the quest for the Orb.
     0 | D:1      | Reached XP level 1. HP: 19/19 MP: 2/2
   130 | D:1      | Reached XP level 2. HP: 19/26 MP: 3/3
   496 | D:1      | Glimpsed the power of Zot.
   611 | D:2      | Reached XP level 3. HP: 30/33 MP: 4/4
   723 | D:3      | Found a glowing golden altar of the Shining One.
   741 | D:3      | Found Kuas's Distillery.
   746 | D:3      | Found a sacrificial altar of Ru.
   821 | D:3      | Reached skill level 1 in Armour
   821 | D:3      | Reached XP level 4. HP: 35/40 MP: 2/5
  1100 | D:3      | Bought a potion of might for 44 gold pieces
  1100 | D:3      | Bought a potion of heal wounds for 55 gold pieces
  1233 | D:3      | Found a sparkling altar of Nemelex Xobeh.
  1267 | D:3      | Found a snail-covered altar of Cheibriados.
  1430 | D:3      | Bought a potion of curing for 33 gold pieces
  1741 | D:4      | Got the Book of Shaping
  1755 | D:4      | Found a broken altar of Ashenzari.
  1769 | D:4      | Reached XP level 5. HP: 38/46 MP: 6/6
  1789 | D:4      | Found a hazy altar of Hepliaklqana.
  1801 | D:4      | Reached XP level 6. HP: 47/52 MP: 5/7
  1915 | D:5      | Entered Level 5 of the Dungeon
  1915 | D:5      | Noticed a two-headed ogre
  1949 | D:5      | Found a hide-covered altar of Uskayaw.
  2022 | D:5      | HP: 1/52 [two-headed ogre/+0 giant spiked club (19)]
  2025 | D:5      | Demolished by a two-headed ogre

Illustrated notes

Levels and vault maps discovered:
D:1:      co_arrival_random_square_maze, layout_basic
D:2:      layout_basic
D:3:      layout_basic, mainiacjoe_overflow_catwalk, mainiacjoe_overflow_paths,
          mainiacjoe_overflow_24_doors, nicolae_tso_swordbearing_angel,
          okawaru_altar_gauntlet_db, serial_shops, nicolae_shop_statue_plus
D:4:      layout_loops_ring, nicolae_overflow_squiral, minmay_misc_feat_ornament
D:5:      layout_basic, mainiacjoe_overflow_surrounded_room,
          minmay_misc_feat_four_crosses

Skill      XL: |  1  2  3  4  5  6 |
---------------+-------------------+-----
Long Blades    | 4 |  4.2
Dodging        | 4 |  4.5
Armour         | 1 2 3 4 |  4.3
Fighting       | 4 |  4.3

Action                     |  1- 3 |  4- 6 || total
---------------------------+-------+-------++-------
  Melee: Falchion          |    30 |       ||    30
         Dagger            |    31 |    92 ||   123
  Throw: Javelin           |       |     1 ||     1
    Use: Potion            |       |     2 ||     2
 Armour: Robe              |     6 |       ||     6
         Chain mail        |    29 |    45 ||    74
  Dodge: Dodged            |    17 |    25 ||    42
